 Dungeon Crawl Stone Soup version 0.31-a0-826-ga5cc291a1b (webtiles) character file.

Game seed: 15261437126204910199

58 qw the Shooter (level 4, -1/28 HPs)
             Began as a Gargoyle Hunter on Sept 23, 2023.
             Slain by Sigmund
             ... wielding a +2 vampiric scythe
              (2 damage)
             ... on level 2 of the Dungeon.
             The game lasted 00:00:30 (1107 turns).

qw the Shooter (Gargoyle Hunter)                    Turns: 1107, Time: 00:00:30

Health: -1/28      AC:  6    Str: 15    XL:     4   Next: 2%
Magic:  4/4        EV: 11    Int:  9    God:
Gold:   94         SH:  0    Dex: 15    Spells: 3/3 levels left

rFire   . . .        Y - +0 shortbow
rCold   . . .        (shield currently unavailable)
rNeg    + . .        c - +0 leather armour
rPois   inf          (no helmet)
rElec   +            (no cloak)
rCorr   .            (no gloves)
SInv    .            (no boots)
Will    .....        (no amulet)
Stlth   ++           (no ring)
HPRegen 0.24/turn    (no ring)
MPRegen 0.09/turn

%: no passive effects
@: no status effects
A: sickness immunity, AC +3, negative energy resistance 1, electricity
resistance, torment resistance 1, petrification resistance
a: no special abilities


You were on level 2 of the Dungeon.
You visited 1 branch of the dungeon, and saw 2 of its levels.

You collected 94 gold pieces.


Innate Abilities, Weirdness & Mutations

You are immune to sickness and miasma.
Your stone body is resilient. (AC +3)
You are immune to poison.
You resist negative energy. (rN+)
You are resistant to electric shocks. (rElec)
You are resistant to unholy torment.
You are immune to petrification.


   Skills:
 - Level 3.0 Fighting
 + Level 5.1 Ranged Weapons
 - Level 1.5 Dodging
 - Level 1.1 Stealth


You had 3 spell levels left.
You didn't know any spells.
Your spell library was empty.

Inventory:

Hand Weapons
 Y - a +0 shortbow (weapon)
Armour
 c - a +0 leather armour (worn)
 f - a +1 robe of resistance
Scrolls
 a - 2 scrolls of identify
Potions
 b - a potion of attraction {unknown}
 e - 2 potions of ambrosia {unknown}
 g - a potion of might
 h - a potion of lignification {unknown}

Dungeon Overview and Level Annotations

Branches:
Dungeon (2/15)

Altars:

Annotations:
D:2 Natasha, Sigmund


Message History

The cerulean imp is moderately wounded.
The cerulean imp hits you from afar with a +2 spear.
You hear some strange, mumbled words.
You are confused.
The cerulean imp barely misses you. Something hits you.
The cerulean imp hits you from afar with a +2 spear.
Something hits you.
Natasha stares at you and mumbles some strange words.
The magic dart hits you.
The cerulean imp hits you from afar with a +2 spear.
1099 ||| DRINKING 2 potions of heal wounds.
You feel much better. Natasha closely misses you.
The cerulean imp hits you from afar with a +2 spear.
Something hits you! Natasha barely misses you.
The cerulean imp completely misses you. Something hits you. Natasha claws you.
The cerulean imp completely misses you.
You feel less confused. Natasha closely misses you.
The cerulean imp hits you from afar with a +2 spear.
Something hits you.
1103 ||| DRINKING potion of heal wounds.
You feel much better. Natasha claws you. The cerulean imp closely misses you.
You shoot an arrow. The arrow hits Natasha.
Natasha is lightly wounded.
Something hits you but does no damage. Natasha claws you.
The cerulean imp hits you from afar with a +2 spear.
You shoot an arrow. The arrow barely misses Natasha.
The cerulean imp disappears in a puff of smoke!
Natasha claws you. Something hits you!
You shoot an arrow. The arrow barely misses Natasha.
Natasha barely misses you. Something hits you but does no damage.
Natasha mumbles some strange words.
You feel troubled. Natasha barely misses you.
You shoot an arrow. The arrow hits Natasha.
Natasha is moderately wounded.
Natasha claws you. Something hits you.
You die...

#.# #.# #.# .
#.#####..
....... #.ยค{.
#h.# ##@.# #...#
#...## ##
####....##.##
#.##.........#.#
#.##..........#
#.##..........#
#.#####...###.#
#.##.)........#


You could see Natasha.

Vanquished Creatures
  An adder (D:2)
  3 dart slugs (D:1)
  A ball python (D:1)
  A bat (D:2)
  3 endoplasms (D:1)
  4 giant cockroaches (D:1)
  3 goblins
  6 hobgoblins
  8 jackals
  3 kobolds
  A frilled lizard (D:1)
  2 rats (D:1)
36 creatures vanquished.

Notes
Turn   | Place    | Note
-------+----------+-------------------------------------------
     0 | D:1      | qw the Gargoyle Hunter began the quest for the Orb.
     0 | D:1      | Reached XP level 1. HP: 12/12 MP: 1/1
     0 | D:1      | 0 ||| qw: Version: 0.3-a-83-gcd0e7d8
     0 | D:1      | 0 ||| qw: Game counter: 1836
     0 | D:1      | 0 ||| qw: Melee chars always use a shield: true
     0 | D:1      | 0 ||| qw: God list: Okawaru
     0 | D:1      | 0 ||| qw: Allow faded altars: false
     0 | D:1      | 0 ||| qw: Do Orc after clearing Dungeon:15 true
     0 | D:1      | 0 ||| qw: Do second Lair branch before Depths: true
     0 | D:1      | 0 ||| qw: Lair rune preference: random
     0 | D:1      | 0 ||| qw: Goals: Normal
     0 | D:1      | 0 ||| PLANNING D:1-11
   107 | D:1      | Reached XP level 2. HP: 17/17 MP: 2/2
   397 | D:1      | Reached XP level 3. HP: 21/21 MP: 3/3
   411 | D:1      | Reached skill level 5 in Ranged Weapons
   828 | D:1      | 828 ||| DROPPING scarf of shadows.
   829 | D:1      | 829 ||| READING 3 scrolls labelled DAABAQ FEI.
   830 | D:1      | 830 ||| DRINKING 3 metallic grey potions.
   831 | D:1      | 831 ||| DRINKING 2 ruby potions.
   832 | D:1      | 832 ||| DROPPING scroll of butterflies.
  1005 | D:2      | Reached skill level 3 in Fighting
  1008 | D:2      | 1008 ||| FLEEEEING.
  1009 | D:2      | 1009 ||| FLEEEEING.
  1010 | D:2      | 1010 ||| FLEEEEING.
  1011 | D:2      | 1011 ||| FLEEEEING.
  1012 | D:2      | 1012 ||| FLEEEEING.
  1013 | D:2      | 1013 ||| FLEEEEING.
  1014 | D:2      | 1014 ||| FLEEEEING.
  1015 | D:2      | 1015 ||| FLEEEEING.
  1016 | D:2      | 1016 ||| FLEEEEING.
  1017 | D:2      | 1017 ||| FLEEEEING.
  1018 | D:2      | 1018 ||| FLEEEEING.
  1019 | D:2      | 1019 ||| FLEEEEING.
  1038 | D:2      | Reached XP level 4. HP: 25/28 MP: 4/4
  1087 | D:2      | Noticed Sigmund
  1089 | D:2      | Noticed Natasha
  1098 | D:2      | HP: 5/28 [cerulean imp/+2 spear[Natasha] (5)]
  1099 | D:2      | 1099 ||| DRINKING 2 potions of heal wounds.
  1102 | D:2      | HP: 1/28 [something (4)]
  1103 | D:2      | 1103 ||| DRINKING potion of heal wounds.
  1107 | D:2      | HP: 1/28 [Natasha (4)]
  1107 | D:2      | Slain by Sigmund

Levels and vault maps discovered:
D:1:      wheals_arrival_linesprint, layout_loops_ring
D:2:      layout_loops_ring, shapermc_ecumenical_altar_venn, uniq_sigmund,
          uniq_natasha

Skill      XL: |  1  2  3 |
---------------+----------+-----
Ranged Weapons | 5 |  5.1
Fighting       | 3 |  3.0
Dodging        | |  1.5
Stealth        | |  1.1

Action                     |  1- 3 |  4- 6 || total
---------------------------+-------+-------++-------
   Fire: Shortbow          |   119 |    13 ||   132
    Use: Potion            |     2 |     2 ||     4
         Scroll            |     1 |       ||     1
 Armour: Leather armour    |    55 |    23 ||    78
  Dodge: Dodged            |    53 |     9 ||    62

Table legend:
 A = Non-vault XP
 B = Vault XP
 C = Vault XP percentage of total XP
 D = Non-vault monster count
 E = Vault monster count
 F = Vault count percentage of total count
                 A         B        C        D         E       F
            +---------+---------+-------+---------+---------+-------
      Total |      84 |       0 |   0.0 |      36 |       0 |   0.0
            +---------+---------+-------+---------+---------+-------
        D:1 |      50 |       0 |   0.0 |      24 |       0 |   0.0
        D:2 |      34 |       0 |   0.0 |      12 |       0 |   0.0
            +---------+---------+-------+---------+---------+-------
